 Dungeon Sprint DCSS version 0.30-a0-50-gb2d611f6b1 (webtiles) character file.

Game seed: 7414200316169484648

358 rocky1 the Basher (level 6, -4/99 HPs)
             Began as an Ogre Gladiator on Sept 5, 2022.
             Was a Follower of Okawaru.
             Slain by a nagaraja
             ... wielding a +0 flail
              (24 damage)
             ... in the Dungeon (Sprint VII: "The Pits").
             The game lasted 00:03:48 (664 turns).

rocky1 the Basher (Ogre Gladiator)                   Turns: 664, Time: 00:03:48

Health: -4/99      AC:  3    Str: 21    XL:     6   Next: 64%
Magic:  4/6        EV:  9    Int:  9    God:    Okawaru [*.....]
Gold:   0          SH:  0    Dex: 10    Spells: 5/5 levels left

rFire   . . .      SeeInvis .    g - +2 mace (vorpal)
rCold   . . .      Faith    .    (no shield)
rNeg    . . .      Spirit   .    b - +0 robe
rPois   .          Reflect  .    c - +0 hat
rElec   .          Harm     .    (no cloak)
rCorr   .          Rampage  .    (gloves unavailable)
Will    .....      NoTele   +    (boots unavailable)
Stlth   ..........               (no amulet)
HPRegen 0.26/turn                (no ring)
MPRegen 0.10/turn                (no ring)

@: berserking, lethally poisoned (-4 -> -23), heroic, constricted, very quick
A: large, unfitting armour, tough skin 1
a: Renounce Religion, Heroism


You were in the Dungeon.
You worshipped Okawaru.
Okawaru was aware of your devotion.
You visited 1 branch

Inventory:

Hand Weapons
 a - a +0 flail
 g - a +2 vorpal mace (weapon)
Missiles
 e - a large rock (quivered)
Armour
 b - a +0 robe (worn)
 c - a +0 hat (worn)
Scrolls
 k - a scroll of blinking
 m - 5 scrolls of amnesia
Potions
 d - 4 potions of heal wounds
 f - 6 potions of curing
 h - a potion of haste
 i - 4 potions of magic
 j - 2 potions of berserk rage
 l - 2 potions of invisibility


   Skills:
 - Level 5.3(10.3) Fighting
 + Level 11.0(16.0) Maces & Flails
 - Level 3.9(8.9) Throwing
 - Level 2.8(7.8) Armour
 - Level 4.1(9.1) Dodging


You had 5 spell levels left.
You didn't know any spells.
Your spell library was empty.

Dungeon Overview and Level Annotations

Branches:
Dungeon (1/1)

Altars:
Ashenzari
Cheibriados
Dithmenos
Elyvilon
Fedhas
Gozag
Hepliaklqana
Kikubaaqudgha
Makhleb
Nemelex Xobeh
Okawaru
Qazlal
Ru
Sif Muna
Trog
Uskayaw
Vehumet
Wu Jian
Xom
Yredelemnul
Zin
The Shining One
Jiyva
Lugonu


Innate Abilities, Weirdness & Mutations

You are too large for most types of armour.
You have tough skin. (AC +1)


Message History

You see here a quokka corpse.
As you open the door, it creaks loudly!
A nagaraja comes into view. It is wielding a +0 flail.
You gain the combat prowess of a mighty hero.
The nagaraja spits poison at you. The splash of poison misses you.
A red film seems to cover your vision as you go berserk!
You feel yourself moving faster!
You feel mighty!
You hit the nagaraja.
The nagaraja is lightly wounded.
You hit the nagaraja.
The nagaraja is lightly wounded.
The nagaraja hits you with a +0 flail!! The nagaraja grabs you.
The nagaraja constricts you.
You sock the nagaraja!
The nagaraja is moderately wounded.
You bludgeon the nagaraja!!
The nagaraja is heavily wounded.
The nagaraja points at you and mumbles some strange words.
The poison arrow hits you!!
You are poisoned.
The nagaraja constricts you.
You hit the nagaraja.
The nagaraja is severely wounded.
You feel very sick.
You hit the nagaraja but do no damage.
The nagaraja is severely wounded.
You feel very sick.
The nagaraja gestures wildly while chanting.
The nagaraja seems to speed up.
The nagaraja constricts you.
* * * LOW HITPOINT WARNING * * *
You sock the nagaraja!
The nagaraja is severely wounded.
* * * LOW HITPOINT WARNING * * *
You feel very sick.
You sock the nagaraja!
The nagaraja is almost dead.
* * * LOW HITPOINT WARNING * * *
You feel sick. The nagaraja hits you with a +0 flail!!
You die...

#.#........##.......#
#'###########.......#
#..#.#.## #########
#.......# ##.#.#.##
#.......#+#
##.#.#.##.+
#.......#N#
##.#.#..'@#
##########


You could see a nagaraja (fast).

Vanquished Creatures
  A floating eye (D)
  A centaur (D)
  A gnoll sergeant (D)
  A scorpion (D)
  4 gnolls (D)
  A river rat (D)
  An ufetubus (D)
  An endoplasm (D)
  2 giant cockroaches (D)
  A goblin (D)
  3 jackals (D)
  A kobold (D)
  2 quokkas (D)
  A jackal zombie (D)
  A rat (D)
22 creatures vanquished.

Notes
Turn   | Place    | Note
-------+----------+-------------------------------------------
     0 | D        | rocky1 the Ogre Gladiator began the quest for the Orb.
     0 | D        | Reached XP level 1. HP: 22/22 MP: 1/1
    11 | D        | Noticed a floating eye
    12 | D        | Paralysed by a floating eye for 4 turns
    19 | D        | Killed a floating eye
    20 | D        | Reached skill level 5 in Fighting
    20 | D        | Reached skill level 5 in Maces & Flails
    20 | D        | Reached XP level 2. HP: 35/35 MP: 2/2
    20 | D        | Reached XP level 3. HP: 42/42 MP: 3/3
    20 | D        | Reached XP level 4. HP: 50/50 MP: 4/4
    24 | D        | Found a bloodstained altar of Trog.
    24 | D        | Found a shimmering blue altar of Sif Muna.
    24 | D        | Found a viscous altar of Jiyva.
    24 | D        | Found a hazy altar of Hepliaklqana.
    24 | D        | Found an opulent altar of Gozag.
    25 | D        | Found a glowing golden altar of the Shining One.
    25 | D        | Found a glowing silver altar of Zin.
    25 | D        | Found a basalt altar of Yredelemnul.
    25 | D        | Found a shimmering altar of Xom.
    25 | D        | Found an ornate altar of the Wu Jian Council.
    25 | D        | Found a sacrificial altar of Ru.
    25 | D        | Found a stormy altar of Qazlal.
    25 | D        | Found an iron altar of Okawaru.
    25 | D        | Found a sparkling altar of Nemelex Xobeh.
    25 | D        | Found a burning altar of Makhleb.
    25 | D        | Found a blossoming altar of Fedhas.
    25 | D        | Found a white marble altar of Elyvilon.
    25 | D        | Found a shadowy altar of Dithmenos.
    25 | D        | Found a snail-covered altar of Cheibriados.
    28 | D        | Found a corrupted altar of Lugonu.
    28 | D        | Found a radiant altar of Vehumet.
    29 | D        | Found an ancient bone altar of Kikubaaqudgha.
    29 | D        | Found a hide-covered altar of Uskayaw.
    29 | D        | Found a broken altar of Ashenzari.
    33 | D        | Became a worshipper of Warmaster Okawaru
    70 | D        | Noticed a scorpion
    82 | D        | Killed a scorpion
    83 | D        | Reached skill level 7 in Maces & Flails
    83 | D        | Reached XP level 5. HP: 40/57 MP: 5/5
   205 | D        | Noticed a centaur
   227 | D        | Killed a centaur
   227 | D        | Reached * piety under Okawaru
   228 | D        | Reached skill level 9 in Maces & Flails
   228 | D        | Reached XP level 6. HP: 41/66 MP: 6/6
   388 | D        | Reached skill level 10 in Maces & Flails
   396 | D        | HP: 2/66 [gnoll sergeant/+0 trident (10)]
   401 | D        | Reached skill level 11 in Maces & Flails
   654 | D        | Noticed a nagaraja
   664 | D        | Slain by a nagaraja

Illustrated notes

Levels and vault maps discovered:
D:        pitsprint [storerooms_1, entrance_room_1, metal_vault_1, armoury_1,
          mini_pit_1, grid_room_1, main_hall_1, silver_pit, the_coven_3,
          the_vestibule_1, steel_vault_5, golden_pit, hallway_of_sentries,
          crystal_vault_1, iron_vault_2, final_vault]

Skill      XL: |  1  2  3  4  5  6 |
---------------+-------------------+-----
Fighting       | 5 |  5.3
Maces & Flails | 5 7 9 11 | 11.0
Throwing       | 3 |  3.9
Armour         | 2 |  2.8
Dodging        | 4 |  4.1

Action                   |  1- 3 |  4- 6 || total
-------------------------+-------+-------++-------
Melee: Flail             |     4 |    31 ||    35
       Mace              |       |    41 ||    41
       Punch             |       |     1 ||     1
Throw: Throwing net      |       |     3 ||     3
       Large rock        |       |     1 ||     1
Invok: Heroism           |       |     1 ||     1
  Use: Potion            |       |     3 ||     3
 Stab: Held in net/web   |       |     1 ||     1
Armor: Robe              |       |     7 ||     7
Dodge: Dodged            |       |    27 ||    27

Table legend: (Time is in decaauts)
 A = Elapsed time spent in this place.
 B = Non-inter-level travel time spent in this place.
 C = Inter-level travel time spent in this place.
 D = Time resting spent in this place.
 E = Time spent auto-exploring this place.
 F = Levels seen in this place.
 G = Mean time per level.
                   A        B        C        D        E       F      G
               +--------+--------+--------+--------+--------+-----+--------+
         Total |    659 |    641 |     18 |    383 |      0 |   1 |  659.0 |
       Dungeon |    659 |    641 |     18 |    383 |      0 |   1 |  659.0 |
               +--------+--------+--------+--------+--------+-----+--------+

Top non-repeatable levels by time:
       D: 659 daAuts
